 Dungeon Crawl Stone Soup version 0.28-a0-804-g60983d4ba9 (webtiles) character file.

Game seed: 1188275272627798511

245 cheechan the Chopper (level 6, -2/55 HPs)
             Began as a Naga Gladiator on Nov 7, 2021.
             Slain by a gnoll (10 damage)
             ... on level 4 of the Dungeon.
             The game lasted 00:11:50 (2928 turns).

cheechan the Chopper (Naga Gladiator)               Turns: 2928, Time: 00:11:51

Health: -2/55      AC:  4    Str: 17    XL:     6   Next: 10%
Magic:  6/6        EV:  7    Int:  9    God:
Gold:   191        SH:  7    Dex: 13    Spells: 5/5 levels left

rFire   . . .      SeeInvis +   i - +0 hand axe (vorpal)
rCold   . . .      Faith    .   q - +0 kite shield
rNeg    . . .      Spirit   .   b - +0 leather armour
rPois   +          Reflect  .   c - +0 helmet
rElec   .          Harm     .   (no cloak)
rCorr   .          Rampage  .   (no gloves)
Will    .....                   (no barding)
Stlth   +.........              (no amulet)
HPRegen 0.18/turn               (no ring)
MPRegen 0.10/turn               (no ring)

@: very slow
A: AC +2, large, see invisible, deformed body, poison resistance, slowness 2,
spit poison 1, naga tail 1
a: Spit Poison


You were on level 4 of the Dungeon.
You visited 1 branch of the dungeon, and saw 4 of its levels.

You collected 191 gold pieces.

Inventory:

Hand Weapons
 a - a +0 war axe
 i - a +0 vorpal hand axe (weapon)
Missiles
 d - 3 throwing nets
 f - 29 arrows
 p - 12 poisoned darts
Armour
 b - a +0 leather armour (worn)
 c - a +0 helmet (worn)
 q - a +0 kite shield (worn)
Wands
 m - a wand of iceblast (9)
 o - a wand of charming (4)
 r - a wand of acid (7)
Scrolls
 l - 3 scrolls of teleportation
Potions
 e - a potion of lignification {unknown}
 g - 3 potions of attraction
 h - 2 potions of might
 j - a potion of degeneration {unknown}
 k - 2 potions of curing {unknown}


   Skills:
 + Level 2.7 Fighting
 + Level 5.1 Axes
 + Level 1.9 Throwing
 + Level 1.8 Armour
 + Level 3.1 Dodging
 + Level 0.4 Stealth


You had 5 spell levels left.
You didn't know any spells.
Your spell library contained the following spells:

 Spells                   Type           Power      Damage    Failure   Level
 Olgreb's Toxic Radiance  Pois           0%         N/A       100%        4
 Ozocubu's Refrigeration  Ice            0%         4d5       100%        7
 Ignition                 Fire           0%         3d3       100%        8


Dungeon Overview and Level Annotations

Branches:
Dungeon (4/15)
 Temple: D:4-7

Altars:

Annotations:
D:3 1 runed translucent door, croobank's ghost, amateur MiBe


Innate Abilities, Weirdness & Mutations

Your serpentine skin is tough. (AC +2)
You have supernaturally acute eyesight. (SInv)
Armour fits poorly on your strangely shaped body.
Your system is resistant to poisons. (rPois)
You cover ground very slowly.
You can spit poison.
You have a snake-like lower body.


Message History

Found a stone staircase leading up.
k - 2 bubbling black potions (gained 1)
You see here 20 stones.
Okay, then.
As you read the scroll labelled DUINGOXKI YKHLI, it crumbles to dust.
It is a scroll of amnesia.
You feel forgetful for a moment.
An orc comes into view. It is wielding a +0 flail.
A gnoll comes into view. It is wielding a +0 flail.
The gnoll shouts!
The orc shouts!
You hear a shout!
Abil: Spit Poison
Press: ? - help, Q - select action, (/) - cycle Shift-Dir - straight line, f - orc
Aim: an orc, wielding a +0 flail The splash of poison hits the orc.
The orc is poisoned.
The orc is severely wounded.
Unknown command.
You kill the orc!
A gnoll comes into view. It is wielding a +0 halberd.
You have got your breath back.
The gnoll shouts!
You slash the gnoll!
The gnoll is severely wounded.
You block the gnoll's attack.
You slash the gnoll!
You kill the gnoll!
You block the gnoll's attack.
Things that are here:
a +0 flail; a gnoll corpse The gnoll hits you with a +0 halberd!
The gnoll closely misses you.
You closely miss the gnoll. The gnoll hits you with a +0 halberd!
You closely miss the gnoll. You block the gnoll's attack.
You hit the gnoll.
The gnoll is lightly wounded.
The gnoll hits you with a +0 halberd!
* * * LOW HITPOINT WARNING * * *
A gnoll comes into view. It is wielding a +0 spear.
The gnoll hits you with a +0 halberd.
* * * LOW HITPOINT WARNING * * *
The gnoll hits you with a +0 halberd!
You die...

#.............#
#
#..)..(......##
#
#............#
#............#
#.........#..#
##......###..##
####[.## ##.)##
#### ##.).##
#..@g.#
#.......#
#........# #
#.........# #
..........g.# .
..##...........
. ##........##
####...###


You could see 2 gnolls.

Vanquished Creatures
  A hound (D:3)
  Terence (D:3)
  Jessica (D:2)
  An orc wizard (D:4)
  2 gnolls
  4 adders
  2 worms (D:3)
  6 orcs (D:4)
  6 bats
  7 endoplasms
  4 giant cockroaches
  9 goblins
  5 hobgoblins
  4 jackals (D:2)
  3 kobolds
  A quokka (D:1)
  7 ball pythons
  2 frilled lizards
  8 rats
74 creatures vanquished.

Notes
Turn   | Place    | Note
-------+----------+-------------------------------------------
     0 | D:1      | cheechan the Naga Gladiator began the quest for the Orb.
     0 | D:1      | Reached XP level 1. HP: 19/19 MP: 1/1
    63 | D:1      | Found a faded altar of an unknown god.
   316 | D:1      | Reached XP level 2. HP: 26/26 MP: 2/2
   972 | D:1      | Reached XP level 3. HP: 18/32 MP: 3/3
  1090 | D:2      | Noticed Jessica
  1097 | D:2      | Killed Jessica
  1098 | D:2      | Reached skill level 4 in Axes
  1205 | D:2      | Reached skill level 1 in Armour
  1205 | D:2      | Reached XP level 4. HP: 36/39 MP: 4/4
  1653 | D:3      | Found a runed translucent door.
  1656 | D:3      | Noticed croobank's ghost (amateur MiBe)
  1868 | D:3      | Reached XP level 5. HP: 22/46 MP: 5/5
  2110 | D:3      | Noticed Terence
  2123 | D:3      | Killed Terence
  2581 | D:4      | Reached skill level 5 in Axes
  2690 | D:4      | Reached XP level 6. HP: 50/55 MP: 6/6
  2928 | D:4      | Slain by a gnoll

Illustrated notes

Levels and vault maps discovered:
D:1:      lightli_arrival_lavapool, layout_loops_corners,
          chequers_ecumenical_altar_simple
D:2:      layout_rooms, nrook_loot_triangle, uniq_jessica
D:3:      layout_loops_cross, hellmonk_ghost_happy_afterlife,
          portal_sewer_entry_d, hangedman_abyss_or_decor_stabs,
          hangedman_decor_points, uniq_terence
D:4:      layout_cave_pods, serial_shops, nicolae_take_the_stairs

Skill      XL: |  1  2  3  4  5 |
---------------+----------------+-----
Axes           | 4 5 |  5.1
Armour         | 1 |  1.8
Dodging        | 3 |  3.1
Fighting       | |  2.7
Throwing       | |  1.9
Stealth        | |  0.4

Action                   |  1- 3 |  4- 6 || total
-------------------------+-------+-------++-------
Melee: War axe           |    56 |    98 ||   154
       Hand axe          |       |    46 ||    46
 Abil: Spit Poison       |     4 |     7 ||    11
  Use: Scroll            |     3 |     4 ||     7
       Potion            |       |     1 ||     1
Armor: Leather armour    |    30 |    72 ||   102
Dodge: Dodged            |    55 |    90 ||   145
Block: Kite shield       |       |    11 ||    11

Table legend: (Time is in decaauts)
 A = Elapsed time spent in this place.
 B = Non-inter-level travel time spent in this place.
 C = Inter-level travel time spent in this place.
 D = Time resting spent in this place.
 E = Time spent auto-exploring this place.
 F = Levels seen in this place.
 G = Mean time per level.
                   A        B        C        D        E       F      G
               +--------+--------+--------+--------+--------+-----+--------+
         Total |   3966 |   3966 |      0 |    238 |      0 |   4 |  991.5 |
       Dungeon |   3966 |   3966 |      0 |    238 |      0 |   4 |  991.5 |
               +--------+--------+--------+--------+--------+-----+--------+

Top non-repeatable levels by time:
     D:1: 1481 daAuts
     D:3: 1349 daAuts
     D:2: 631 daAuts
     D:4: 504 daAuts
